 Dungeon Crawl Stone Soup version 0.18.1-48-g4cf74bf (webtiles) character file.

7669 Gargoyl the Protected (level 10, 0/77 HPs)
             Began as a Demonspawn Abyssal Knight on Sept 6, 2016.
             Was a High Priest of Lugonu.
             Killed by divine providence
             ... invoked by an orc priest
              (11 damage)
             ... on level 11 of the Dungeon.
             The game lasted 00:22:43 (9267 turns).

Gargoyl the Protected (Demonspawn Abyssal Knight)   Turns: 9267, Time: 00:22:44

Health: 0/77       AC: 22    Str: 21    XL:     10   Next: 99%
Magic:  12/12      EV:  9    Int: 13    God:    Lugonu [*****.]
Gold:   421        SH: 11    Dex: 12    Spells: 0 memorised, 9 levels left

rFire  + . .     SeeInvis .     a - +2 hand axe
rCold  + + .     Gourm    .     z - +0 plate armour
rNeg   . . .     Faith    .     J - +2 buckler
rPois  +         Spirit   .     (helmet restricted)
rElec  +         Dismiss  .     e - +1 cloak
rCorr  +         Reflect  .     (no gloves)
SustAt .         Harm     .     d - +0 pair of boots
MR     .....                    p - amulet of regeneration
Stlth  ..........               n - ring of protection from cold
                                u - +4 ring of strength

@: about to teleport, resistant, not resistant to hostile enchantments,
extremely unstealthy
A: horns 1, large bone plates 3, powered by death 2, powered by pain 1
a: Depart the Abyss, Bend Space, Banish, Corrupt, Enter the Abyss, Renounce
Religion


You were on level 11 of the Dungeon.
You worshipped Lugonu.
Lugonu was extremely pleased with you.
You were not hungry.

You visited 1 branch of the dungeon, and saw 11 of its levels.
You visited the Abyss 1 time.

You collected 625 gold pieces.
You spent 204 gold pieces at shops.

Inventory:

Hand Weapons
 a - a +2 hand axe (weapon)
Missiles
 C - 13 tomahawks (quivered)
Armour
 d - a +0 pair of boots (worn)
 e - a +1 cloak (worn)
 z - a +0 plate armour (worn)
 J - a +2 buckler (worn)
Jewellery
 n - a ring of protection from cold (right hand)
 p - an amulet of regeneration (around neck)
 u - a +4 ring of strength (left hand)
Wands
 h - a wand of flame (28/48)
 m - a wand of teleportation (6/9)
 s - a wand of slowing (26/48)
 w - a wand of random effects (24/48)
 y - a wand of heal wounds (6/9)
 D - a wand of disintegration (14/24)
 F - a wand of lightning (4/15)
 H - a wand of disintegration (11/24)
 K - a wand of heal wounds (5/9)
 M - a wand of slowing (30/48)
Scrolls
 b - 11 scrolls of teleportation
 i - a scroll of magic mapping
 l - a scroll of identify
 r - 5 scrolls of fear
 v - a scroll of remove curse
Potions
 j - a potion of beneficial mutation {unknown}
 k - a potion of flight
 q - 2 potions of might {unknown}
 G - 2 potions of haste {unknown}
 L - a potion of cancellation {unknown}
 N - a potion of berserk rage {unknown}
Books
 f - a book of Battle

   Spells                             Type                      Level
   a - Infusion                       Charms                       1
   b - Shroud of Golubria             Charms/Translocation         2
   c - Song of Slaying                Charms                       2
   d - Spectral Weapon                Hexes/Charms                 3
   e - Regeneration                   Charms/Necromancy            3
 g - a Necronomicon

   Spells                             Type                      Level
   a - Haunt                          Necromancy/Summoning         7
   b - Borgnjor's Revivification      Necromancy                   8
   c - Death's Door                   Charms/Necromancy            8
   d - Necromutation                  Transmutation/Necromancy     8
 I - a book of Clouds

   Spells                             Type                      Level
   a - Mephitic Cloud                 Conjuration/Poison/Air       3
   b - Conjure Flame                  Conjuration/Fire             3
   c - Poisonous Cloud                Conjuration/Poison/Air       6
   d - Freezing Cloud                 Conjuration/Ice/Air          6
   e - Ring of Flames                 Charms/Fire                  7
 P - a book of Unlife

   Spells                             Type                      Level
   a - Recall                         Summoning/Translocation      3
   b - Animate Dead                   Necromancy                   4
   c - Control Undead                 Necromancy                   4
   d - Cigotuvi's Embrace             Necromancy                   5
   e - Death Channel                  Necromancy                   6
   f - Simulacrum                     Ice/Necromancy               6
Comestibles
 c - 7 bread rations
 o - 2 royal jellies
 t - 3 beef jerkies
 x - 6 fruits
 B - 4 meat rations
 E - 7 slices of pizza
 O - 6 chunks of flesh


   Skills:
 + Level 6.6 Fighting
 + Level 7.3 Axes
 + Level 0.3 Throwing
 * Level 9.5 Armour
 + Level 5.8 Dodging
 + Level 0.6 Stealth
 + Level 6.0 Shields
 + Level 3.0 Invocations


You had 9 spell levels left.
You didn't know any spells.

Dungeon Overview and Level Annotations

Branches:
Dungeon (11/15)            Temple (0/1) D:4             Orc (0/2) D:10
   Lair: D:8-11

Altars:
Ashenzari
Cheibriados
Makhleb
Nemelex Xobeh
Okawaru
Sif Muna
Vehumet
Xom
Zin

Shops:
D:4 ??   D:10 ?


Innate Abilities, Weirdness & Mutations

You have a pair of small horns on your head.
You are completely covered in large bone plates (AC +4, SH +4).
You regenerate health from kills.
You sometimes gain a little power by taking damage.


Message History

Beogh smites you! You block the hill giant's attack.
The orc wizard hits you but does no damage.
The orc priest miscasts a cantrip.
Read which item? (? for menu, Esc to quit)
As you read the scroll of teleportation, it crumbles to dust.
You feel strangely unstable. The orc wizard closely misses you.
The orc priest invokes the aid of Beogh against you.
Pain shoots through your body!
The hill giant hits you with a giant spiked club!
* * * LOW HITPOINT WARNING * * *
Drink which item? (? for menu, Esc to quit)
You feel protected. You block the orc wizard's attack.
You block the orc priest's attack.
The orc wizard hits you but does no damage.
The orc priest invokes the aid of Beogh against you.
Beogh smites you!
* * * LOW HITPOINT WARNING * * *
The orc priest calls down the wrath of Beogh upon you.
Beogh smites you!
You die...

[. ######+##### ..P
#.>.......[#
.P.##+######..........# #
#......#...'..........###
.......#.###..........##.
#....rb#.# #..........'..
#....b.#@# #..........###
#....ooC.# #..........#
+.....o### #..........#
#....$o #####'######
###+### #.# #.# #.#
####.## #
############.....# ###


You could see a hill giant, 2 orc priests, an orc wizard and an orc.

Vanquished Creatures
  The ghost of Leafly the Skirmisher, a novice DsFi of Trog (D:6)
  A gargoyle (D:10)
  A polar bear (D:8)
  Grinder (D:4)
  2 wyverns
  A human (D:7)
  A steam dragon (D:8)
  Menkaure (D:7)
  4 hungry ghosts
  The ghost of schammes the Sneak, an amateur OpIE (D:3)
  2 water moccasins
  Duvessa (D:7)
  5 orc warriors
  8 ice beasts
  3 ogres
  2 phantoms
  4 centaurs
  Blork the orc (D:4)
  3 giant frogs
  7 scorpions
  Dowan (D:7)
  4 killer bees (D:8)
  10 wights
  An electric eel (D:8)
  A howler monkey (D:4)
  A giant frog zombie (D:5)
  4 crimson imps
  A centaur zombie (D:9)
  3 jellies
  5 orc priests
  5 hounds
  A centaur skeleton (D:6)
  A gnoll shaman (D:7)
  6 orc wizards
  4 iguanas
  3 worker ants
  4 sheep (D:7)
  A centaur simulacrum (D:8)
  A howler monkey zombie (D:5)
  A worker ant zombie (D:5)
  11 gnolls
  A howler monkey skeleton (D:7)
  14 adders
  A hound simulacrum (D:8)
  2 shadow imps (D:9)
  2 white imps (D:8)
  A worker ant simulacrum (D:8)
  2 oozes
  3 adder skeletons
  3 worms
  3 dart slugs (D:1)
  4 giant geckos
  37 orcs
  15 bats
  3 giant cockroaches
  6 goblins
  8 hobgoblins
  15 jackals
  3 quokkas
  A ball python (D:1)
  3 giant newts
  A jackal skeleton (D:4)
  6 kobolds
  A quokka simulacrum (D:8)
  10 rats
264 creatures vanquished.

Vanquished Creatures (others)
  The ghost of baghtru the Chopper, an amateur HOBe of Trog (D:4)
  2 fungi (D:4)
3 creatures vanquished.

Grand Total: 267 creatures vanquished

Notes
Turn   | Place    | Note
--------------------------------------------------------------
     0 | Abyss:1  | Gargoyl the Demonspawn Abyssal Knight began the quest for the Orb.
     0 | Abyss:1  | Reached XP level 1. HP: 18/18 MP: 2/2
    75 | Abyss:2  | Noticed a small abomination
   116 | Abyss:2  | Noticed an ice devil
   119 | D:1      | Escaped the Abyss
   119 | D:1      | Noticed a minotaur
   122 | D:1      | Noticed a felid
   122 | D:1      | Noticed an ogre
   130 | D:1      | Noticed a minotaur skeleton
   132 | D:1      | Noticed an elf
   136 | D:1      | Noticed a draconian
   138 | D:1      | Noticed an ogre
   274 | D:1      | Reached skill level 2 in Armour
   276 | D:1      | Gained mutation: You sometimes gain a little power by taking damage. [demonic ancestry]
   276 | D:1      | Reached XP level 2. HP: 19/24 MP: 3/3
   474 | D:1      | Reached * piety under Lugonu
   581 | D:1      | Reached skill level 1 in Dodging
   770 | D:1      | Gained mutation: You are partially covered in large bone plates (AC +2, SH +2). [demonic ancestry]
   770 | D:1      | Reached XP level 3. HP: 29/29 MP: 5/5
  1445 | D:2      | Reached ** piety under Lugonu
  1694 | D:2      | Reached XP level 4. HP: 33/36 MP: 6/6
  2009 | D:3      | Reached skill level 3 in Armour
  2011 | D:3      | Reached XP level 5. HP: 14/42 MP: 7/7
  2200 | D:3      | Noticed schammes's ghost (amateur OpIE)
  2219 | D:3      | Killed schammes's ghost
  2433 | D:3      | Gained mutation: You have a pair of small horns on your head. [demonic ancestry]
  2433 | D:3      | Reached XP level 6. HP: 36/48 MP: 8/8
  2550 | D:4      | Noticed Blork the orc
  2601 | D:4      | Noticed an ice beast
  2621 | D:4      | Killed an ice beast
  2668 | D:4      | Found a radiant altar of Vehumet.
  2682 | D:4      | Reached *** piety under Lugonu
  2715 | D:4      | Found a staircase to the Ecumenical Temple.
  2741 | D:4      | Noticed Grinder
  2750 | D:4      | Reached skill level 4 in Armour
  2759 | D:4      | Found Linefoal's Magic Scroll Shop.
  2783 | D:4      | Killed Grinder
  2783 | D:4      | Reached skill level 1 in Shields
  2783 | D:4      | Gained mutation: You regenerate a little health from kills. [demonic ancestry]
  2783 | D:4      | Reached XP level 7. HP: 26/54 MP: 9/9
  2815 | D:4      | Bought a scroll of teleportation for 36 gold pieces
  2815 | D:4      | Bought a scroll of teleportation for 36 gold pieces
  2815 | D:4      | Bought a scroll of fear for 42 gold pieces
  2883 | D:4      | Found Fuqaej's Magic Scroll Shoppe.
  2901 | D:4      | Bought a scroll of teleportation for 30 gold pieces
  2901 | D:4      | Bought a scroll of teleportation for 30 gold pieces
  2901 | D:4      | Bought a scroll of teleportation for 30 gold pieces
  3095 | D:4      | Noticed baghtru's ghost (amateur HOBe)
  3109 | D:5      | Entered Level 5 of the Dungeon
  3212 | D:4      | Banished baghtru's ghost
  3212 | D:4      | Reached skill level 5 in Armour
  3212 | D:4      | Gained mutation: You are mostly covered in large bone plates (AC +3, SH +3). [demonic ancestry]
  3212 | D:4      | Reached XP level 8. HP: 60/61 MP: 10/10
  3329 | D:4      | Killed Blork the orc
  3942 | D:5      | Reached **** piety under Lugonu
  4032 | D:5      | Found a glowing silver altar of Zin.
  4336 | D:5      | Reached skill level 6 in Armour
  4650 | D:6      | Found a glowing silver altar of Zin.
  4652 | D:6      | Found a snail-covered altar of Cheibriados.
  4664 | D:6      | Found a shimmering altar of Xom.
  4664 | D:6      | Found a deep blue altar of Sif Muna.
  4669 | D:6      | Noticed Leafly's ghost (novice DsFi)
  4695 | D:6      | Killed Leafly's ghost
  4695 | D:6      | Reached skill level 5 in Axes
  4695 | D:6      | Reached skill level 5 in Dodging
  4695 | D:6      | Gained mutation: You regenerate health from kills. [demonic ancestry]
  4695 | D:6      | Reached XP level 9. HP: 38/67 MP: 11/11
  4804 | D:6      | Reached skill level 5 in Fighting
  5142 | D:6      | Reached skill level 7 in Armour
  5482 | D:7      | Found a sparkling altar of Nemelex Xobeh.
  5888 | D:7      | Noticed Duvessa
  5890 | D:7      | Noticed Dowan
  5900 | D:7      | Killed Dowan
  5906 | D:7      | Killed Duvessa
  5936 | D:7      | Found an iron altar of Okawaru.
  5967 | D:7      | Noticed Menkaure
  5976 | D:7      | Killed Menkaure
  5976 | D:7      | Reached skill level 8 in Armour
  6063 | D:7      | Reached ***** piety under Lugonu
  6259 | D:7      | Gained mutation: You are completely covered in large bone plates (AC +4, SH +4). [demonic ancestry]
  6259 | D:7      | Reached XP level 10. HP: 69/76 MP: 12/12
  7054 | D:8      | Found a shattered altar of Ashenzari.
  7244 | D:8      | Found a burning altar of Makhleb.
  7503 | D:8      | Reached skill level 5 in Shields
  7686 | D:9      | Reached skill level 9 in Armour
  8368 | D:10     | Entered Level 10 of the Dungeon
  8537 | D:10     | Found Ziofothro's Magic Scroll Shop.
  8636 | D:10     | Noticed a gargoyle
  8661 | D:10     | Killed a gargoyle
  8753 | D:10     | Found a staircase to the Orcish Mines.
  9259 | D:11     | Noticed a hill giant
  9267 | D:11     | Killed from afar by an orc priest

Skill      XL: |  1  2  3  4  5  6  7  8  9 10 |
---------------+-------------------------------+-----
Armour         | 2 3 4 5 6 8 9 |  9.5
Axes           | 2 3 4 5 6 7 |  7.3
Dodging        | 1 2 3 4 5 |  5.8
Fighting       | 4 5 6 |  6.6
Shields        | 1 2 3 4 6 |  6.0
Invocations    | 3 |  3.0
Throwing       | |  0.3
Stealth        | |  0.6

Action                   |  1- 3 |  4- 6 |  7- 9 | 10-12 || total
-------------------------+-------+-------+-------+-------++-------
Melee: Hand axe          |   145 |   152 |   577 |   485 ||  1359
       Headbutt          |       |     9 |   108 |   105 ||   222
Throw: Tomahawk          |       |       |       |     3 ||     3
Invok: Depart the Abyss  |     1 |       |       |       ||     1
       Banish            |       |       |     1 |       ||     1
  Use: Scroll            |     1 |     2 |     9 |     5 ||    17
       Potion            |       |     1 |     6 |     1 ||     8
  Eat: Chunk             |     2 |     4 |    13 |    10 ||    29
       Bread ration      |       |       |     2 |       ||     2
       Meat ration       |       |       |       |     1 ||     1
       Beef jerky        |       |       |       |     1 ||     1
Armor: Leather armour    |    28 |       |       |       ||    28
       Ring mail         |    28 |    19 |       |       ||    47
       Scale mail        |       |    64 |   132 |       ||   196
       Skin              |       |       |     6 |       ||     6
       Plate armour      |       |       |    88 |   231 ||   319
       Chain mail        |       |       |    39 |       ||    39
Dodge: Dodged            |   101 |    77 |   237 |   160 ||   575
Block: Buckler           |    15 |    25 |   215 |   260 ||   515
       Other             |     1 |       |       |       ||     1
